 Dungeon Crawl Stone Soup version 0.25.0-15-gac7dcb8919 (webtiles) character file.

Game seed: 11637167018245225549

31 Esekla the Grave Robber (level 3, 0/26 HPs)
             Began as a Barachi Necromancer on June 28, 2020.
             Succumbed to an adder's poison
             ... on level 3 of the Dungeon.
             The game lasted 00:05:58 (1088 turns).

Esekla the Grave Robber (Barachi Necromancer)       Turns: 1088, Time: 00:05:59

Health: 0/26       AC:  3    Str:  9    XL:     3   Next: 22%
Magic:  6/16       EV: 12    Int: 16    God:
Gold:   63         SH:  0    Dex: 12    Spells: 6/7 levels left

rFire    . . .     SeeInvis .   g - +0 dagger
rCold    . . .     Gourm    .   (no shield)
rNeg     . . .     Faith    .   a - +0 robe
rPois    .         Spirit   .   (no helmet)
rElec    .         Reflect  .   i - +0 cloak
rCorr    .         Harm     .   (no gloves)
MR       .....                  (no boots)
Stlth    ++........             (no amulet)
HPRegen  0.08/turn              d - ring of magical power (curse)
MPRegen  0.15/turn              (no ring)

@: lethally poisoned (0 -> -3), berserk cooldown, flying, very slightly
contaminated, hasted and slowed, slow
A: +LOS, swims, slowness 1, strong legs 1
a: Hop


You were on level 3 of the Dungeon.
You were not hungry.

You visited 1 branch of the dungeon, and saw 3 of its levels.

You collected 63 gold pieces.

Inventory:

Hand Weapons
 g - a +0 dagger (weapon)
Missiles
 b - 3 javelins (quivered)
Armour
 a - a +0 robe (worn)
 i - a +0 cloak (worn)
Jewellery
 d - a cursed ring of magical power (left hand)
Scrolls
 e - a scroll of teleportation {unknown}
 f - a scroll of identify {unknown}
 h - a scroll of remove curse {unknown}
 k - a scroll of enchant weapon {unknown}
 l - a scroll of amnesia {unknown}
 n - 2 scrolls of random uselessness {unknown}
Comestibles
 c - a ration


   Skills:
 * Level 1.0 Fighting
 * Level 2.2 Dodging
 - Level 1.7 Stealth
 * Level 2.7 Spellcasting
 + Level 4.1 Necromancy


You had 6 spell levels left.
You knew the following spells:

 Your Spells              Type           Power        Failure   Level  Hunger
a - Pain                  Necr           ###.         3%          1    #......

Your spell library contained the following spells:

 Spells                   Type           Power        Failure   Level  Hunger
 Animate Skeleton         Necr           N/A          3%          1    #......
 Vampiric Draining        Necr           ###.......   11%         3    ###....
 Animate Dead             Necr           N/A          34%         4    #####..
 Agony                    Necr           ###.....     69%         5    ######.


Dungeon Overview and Level Annotations

Branches:
Dungeon (3/15)

Altars:
Makhleb
Wu Jian

Annotations:
D:3 Terence


Innate Abilities, Weirdness & Mutations

You can be seen from farther away. (+LOS)
You can swim through water.
You cover ground slowly.
You can hop short distances.


Message History

You feel sick.
It was a potion of berserk rage.
A red film seems to cover your vision as you go berserk!
You feel yourself moving faster!
You feel mighty!
You are too berserk!
You feel a strong urge to attack something.
You see here an adder corpse.
You feel your anger nearly subside.
* * * LOW HITPOINT WARNING * * *
You feel sick.
You see here a bubbling blue potion.
j - a bubbling blue potion You are no longer berserk.
You are exhausted.
You feel yourself slow down.
It was a potion of flight.
You feel very buoyant.
You fly up into the air.
It was a potion of haste.
You feel yourself speed up.
You die...

#..........#
+..........#
#........_.#
#..........#
#...>......#
..........###
..........
##..#..# ##..@.w#
#.†#)#..#
#############.##.#
..#
..........##...###
##
.............).#
..........###..#
..........# #.##
..........# #..
..........# ##..


You could see a worm.

Vanquished Creatures
  2 adders (D:3)
  2 giant cockroaches
  2 goblins
  2 hobgoblins
  A kobold (D:2)
  2 bats
  2 frilled lizards (D:1)
13 creatures vanquished.

Notes
Turn   | Place    | Note
-------+----------+-------------------------------------------
     0 | D:1      | Esekla the Barachi Necromancer began the quest for the Orb.
     0 | D:1      | Reached XP level 1. HP: 13/13 MP: 3/3
   543 | D:2      | Reached XP level 2. HP: 20/20 MP: 5/5
   547 | D:2      | Found a burning altar of Makhleb.
   817 | D:3      | Reached skill level 4 in Necromancy
  1011 | D:3      | Noticed Terence
  1065 | D:3      | Found an ornate altar of the Wu Jian Council.
  1068 | D:3      | Reached skill level 1 in Fighting
  1081 | D:3      | Reached XP level 3. HP: 3/26 MP: 5/7
  1081 | D:3      | HP: 1/26 [poisoned by an adder]
  1088 | D:3      | Succumbed to an adder's poison

Illustrated notes

Levels and vault maps discovered:
D:1:      dpeg_arrival_round_a, layout_basic
D:2:      layout_basic, bloody_makhleb
D:3:      layout_basic, overflow_temple_1_default, minmay_between, uniq_terence

Skill      XL: |  1  2 |
---------------+-------+-----
Necromancy     | 4 |  4.1
Fighting       | 1 |  1.0
Dodging        | |  2.2
Stealth        | |  1.7
Spellcasting   | |  2.7

Action                   || total
-------------------------++-------
Melee: Dagger            ||    28
       Unarmed           ||     1
 Cast: Pain              ||    26
  Use: Potion            ||     3
 Stab: Sleeping          ||     3
  Eat: Chunk             ||     1
Armor: Robe              ||    10
Dodge: Dodged            ||    31
